AoeStats
← 他并不是一个笨比

Arena

507504530Analyzed
4v4 RM · 14d ago on Sep 18, 2026· 50m 38s· 8 players
Game mode
Random Map
Map size
Large (8 player)
Population
200
Speed
Normal
Resources
Standard
Victory
Conquest
Starting age
Dark Age
Ending age
Imperial Age
RankedLock teamsTeams togetherTeam positionsShared explorationLock speedFull tech treeHidden civsTurbo modeCheats
Victory
Defeat
1290
+9
🇹🇼 Sicilians · Taiwan
1095
+17
🇨🇳 Slavs · China
1015
+20
🇨🇳 Franks · China
1000
+68
🇨🇳 Teutons · China
1201
-20
🇨🇳 Cumans · China
1116
-17
🇻🇳 Aztecs · Vietnam
1106
-16
1040
-14
iw5420
10:15 Feudal Age
10:43 Double-Bit Axe
10:44 Horse Collar
11:19 Town Watch
19:28 Castle Age
18:24 Stone Mining
18:27 Gold Mining
20:23 Wheelbarrow
22:15 Bow Saw
22:10 Heavy Plow
24:21 Hand Cart
30:11 Imperial Age
28:41 Stone Shaft Mining
28:43 Gold Shaft Mining
29:18 Forging
29:09 Scale Mail Armor
30:41 Loom
31:13 Chain Mail Armor
31:34 Iron Casting
31:48 First Crusade
30:49 Elite Serjeant
32:24 Crop Rotation
31:27 Capped Ram
33:12 Plate Mail Armor
34:12 Blast Furnace
33:00 Siege Ram
36:50 Fletching
42:53 Hoardings
42:26 Hauberk
42:46 Conscription
43:25 Scale Barding Armor
43:24 Squires
43:10 Gambesons
43:10 Arson
45:53 Cavalier
46:47 Husbandry
50:23 Bloodlines
他并不是一个笨比
12:10 Feudal Age
15:52 Castle Age
14:27 Double-Bit Axe
14:56 Horse Collar
16:56 Bow Saw
20:40 Padded Archer Armor
22:17 Leather Archer Armor
23:00 Bloodlines
22:53 Husbandry
25:40 Wheelbarrow
27:39 Gold Mining
32:19 Imperial Age
30:05 Hand Cart
30:08 Loom
30:55 Scale Barding Armor
31:01 Forging
33:43 Conscription
32:46 Elite Conquistador
34:04 Ring Archer Armor
34:58 Stone Mining
39:20 Chemistry
42:46 Masonry
49:15 Supremacy
48:28 Sappers
49:27 Gambesons
49:43 Squires
49:28 Arson
中信海直
11:45 Feudal Age
12:12 Loom
15:32 Castle Age
13:55 Double-Bit Axe
15:24 Horse Collar
22:46 Bow Saw
28:12 Wheelbarrow
28:26 Gold Mining
29:14 Heavy Plow
31:33 Squires
30:54 Pikeman
33:42 Gold Shaft Mining
34:40 Fortified Wall
37:16 Imperial Age
35:08 Hand Cart
35:15 Forging
35:05 Scale Mail Armor
36:45 Iron Casting
36:18 Stone Mining
37:54 Chain Mail Armor
37:28 Halberdier
40:42 Blast Furnace
40:29 Conscription
42:01 Plate Mail Armor
43:30 Heavy Scorpion
49:55 Two-Man Saw
51:08 Druzhina
康美药业600518
10:44 Feudal Age
11:44 Double-Bit Axe
17:20 Castle Age
17:05 Scale Barding Armor
19:05 Gold Mining
23:56 Forging
25:07 Husbandry
26:30 Iron Casting
29:42 Wheelbarrow
30:39 Gold Shaft Mining
30:44 Chain Barding Armor
34:22 Imperial Age
32:06 Stone Mining
33:40 Hand Cart
34:48 Cavalier
36:07 Plate Barding Armor
36:32 Blast Furnace
37:15 Paladin
kw3dsky
11:00 Feudal Age
16:09 Castle Age
14:54 Double-Bit Axe
14:51 Horse Collar
16:20 Forging
20:20 Fortified Wall
23:12 Wheelbarrow
26:49 Gold Mining
26:51 Stone Mining
27:19 Hand Cart
27:37 Loom
35:44 Imperial Age
33:46 Bow Saw
33:38 Heavy Plow
34:58 Iron Casting
34:35 Squires
35:32 Scale Mail Armor
37:43 Blast Furnace
37:59 Conscription
37:57 Elite Jaguar Warrior
38:12 Capped Ram
40:16 Chain Mail Armor
40:46 Ballistics
41:27 Chemistry
40:35 Siege Engineers
41:29 Garland Wars
40:49 Elite Skirmisher
42:29 Fletching
42:40 Padded Archer Armor
44:45 Chemistry
44:07 Bodkin Arrow
44:28 Leather Archer Armor
43:39 Siege Ram
46:31 Gold Shaft Mining
47:36 Plate Mail Armor
47:06 Bracer
48:23 Stone Shaft Mining
48:00 Pikeman
一叶知秋
10:47 Feudal Age
16:31 Castle Age
14:58 Fletching
16:47 Double-Bit Axe
20:20 Bodkin Arrow
20:26 Horse Collar
20:57 Bow Saw
21:07 Bloodlines
24:32 Wheelbarrow
28:19 Hand Cart
28:13 Gold Mining
29:46 Heavy Plow
33:54 Imperial Age
32:05 Forging
32:53 Scale Barding Armor
33:26 Iron Casting
33:16 Town Watch
33:57 Chain Barding Armor
34:05 Chain Barding Armor
33:58 Cavalier
36:49 Stone Mining
39:33 Paladin
乔奢费
9:33 Feudal Age
10:28 Double-Bit Axe
13:56 Horse Collar
16:23 Wheelbarrow
21:15 Castle Age
22:13 Bloodlines
22:15 Scale Barding Armor
22:21 Forging
24:30 Chain Barding Armor
27:19 Iron Casting
28:40 Hand Cart
30:39 Gold Mining
30:39 Stone Mining
34:02 Imperial Age
32:14 Gold Shaft Mining
33:10 Bow Saw
34:29 Fletching
34:40 Padded Archer Armor
34:12 Cavalier
35:35 Plate Barding Armor
36:00 Blast Furnace
35:26 Conscription
34:47 Elite Kipchak
35:42 Bodkin Arrow
35:46 Paladin
36:47 Leather Archer Armor
40:19 Parthian Tactics
40:00 Thumb Ring
40:20 Ballistics
41:00 Chemistry
47:26 Light Cavalry
打帝国需要戴老花镜
12:22 Feudal Age
13:18 Loom
17:11 Castle Age
16:01 Forging
16:15 Double-Bit Axe
16:53 Scale Barding Armor
18:53 Iron Casting
22:41 Husbandry
27:35 Wheelbarrow
28:30 Chain Barding Armor
28:57 Town Watch
34:15 Imperial Age
31:51 Gold Mining
32:17 Fletching
32:59 Bodkin Arrow
33:04 Padded Archer Armor
33:08 Caravan
33:28 Hand Cart
33:16 Scale Mail Armor
34:20 Cavalier
36:06 Chemistry
35:27 Ballistics
35:25 Chain Mail Armor
35:28 Leather Archer Armor
36:43 Blast Furnace
35:29 Pikeman
36:36 Conscription
36:56 Coinage
37:41 Plate Barding Armor
38:01 Hoardings
40:52 Banking
40:16 Gambesons
40:32 Squires
41:38 Halberdier
41:52 Capped Ram
43:24 Chain Mail Armor
44:22 Hoardings
44:10 Light Cavalry
45:54 Arson
46:43 Plate Mail Armor
Connection lost

Rejoining the realm…

Still unreachable

The connection could not be restored.

Session expired

The server has moved on; the page needs a fresh start.